 Dungeon Crawl Stone Soup version 0.30.1-4-g462c640d31 (webtiles) character file.

Game seed: 3903764059414062045

624 Zeor the Covered (level 7, 0/82 HPs)
             Began as a Formicid Fighter on Aug 16, 2023.
             Was a Follower of Zin.
             Slain by a gnoll
             ... wielding a +2 heavy halberd
              (7 damage)
             ... on level 5 of the Dungeon.
             The game lasted 00:14:04 (3871 turns).

Zeor the Covered (Formicid Fighter)                 Turns: 3871, Time: 00:14:05

Health: 0/82       AC: 23    Str: 20    XL:     7   Next: 76%
Magic:  8/8        EV:  2    Int:  8    God:    Zin [*.....]
Gold:   150        SH:  6    Dex: 15    Spells: 6/6 levels left

rFire   + . .        a - +0 long sword
rCold   + . .        c - +1 buckler
rNeg    . . .        k - melded +1 crystal plate armour
rPois   +            (helmet unavailable)
rElec   +            o - melded scarf {repulsion}
rCorr   +            n - melded +1 pair of gloves
SInv    .            (boots currently unavailable)
Will    .....        (no amulet)
Stlth   +            f - ring of resist corrosion
HPRegen 0.33/turn    (no ring)
MPRegen 0.11/turn

%: no passive effects
@: mighty, brilliant, tree-form, resistant
A: stationary, stasis, torment immunity, boosted hp, permanent stasis, dig
shafts and tunnels, (antennae 3), four strong arms
a: Renounce Religion, Recite, Donate Gold


You were on level 5 of the Dungeon.
You worshipped Zin.
Zin was aware of your devotion.
You were a tree.
You visited 2 branches of the dungeon, and saw 6 of its levels.

You collected 166 gold pieces.
You donated 16 gold pieces to Zin.

Inventory:

Hand Weapons
 a - a +0 long sword (weapon)
Missiles
 p - 2 atropa-tipped darts
Armour
 c - a +1 buckler (worn)
 k - a +1 crystal plate armour (melded)
 n - a +1 pair of gloves (melded)
 o - a scarf of repulsion (melded)
Jewellery
 f - a ring of resist corrosion (left branch)
 q - a ring of magical power
Wands
 j - a wand of flame (8)
Potions
 d - a potion of might
 g - 2 potions of attraction
 h - 3 potions of lignification
 l - a potion of brilliance


   Skills:
 + Level 4.6 Fighting
 + Level 5.1 Long Blades
 + Level 5.4 Armour
 + Level 2.0 Dodging
 + Level 5.0 Shields
 * Level 1.4 Invocations


You had 6 spell levels left.
You didn't know any spells.
Your spell library was empty.

Dungeon Overview and Level Annotations

Branches:
Dungeon (5/15)             Temple (1/1) D:4

Altars:
Makhleb
Nemelex Xobeh
Okawaru
Qazlal
Ru
Trog
Yredelemnul
Zin
The Shining One
Lugonu

Shops:
D:2 (


Innate Abilities, Weirdness & Mutations

You are a tree.
Your roots penetrate the ground, keeping you stationary.
You cannot be teleported.
You are immune to unholy pain and torment.
Your maximum health is greatly increased.
Your equipment is partially melded.
You cannot be hasted, slowed, berserked, paralysed or teleported.
You can dig through walls and to a lower floor.
((You have a pair of large antennae on your head. (SInv)))
Your four strong arms can wield two-handed weapons with a shield.


Message History

The scorpion is heavily wounded.
You block the gnoll's attack.
The scorpion stings you but does no damage.
You closely miss the scorpion.
The scorpion is heavily wounded.
The scorpion stings you but does no damage.
The gnoll completely misses you. You block the scorpion's attack.
You slash the scorpion!
You kill the scorpion!
You block the gnoll's attack.
Your Long Blades skill increases to level 5!
Your Dodging skill increases to level 2!
You closely miss the gnoll.
The gnoll hits you but does no damage. x3
You closely miss the gnoll. The gnoll hits you but does no damage.
You hit the gnoll.
The gnoll is heavily wounded.
You feel your willpower return.
You are ready to recite again.
The gnoll hits you from afar with a +2 heavy halberd!
The gnoll completely misses you.
You slash the gnoll!
You kill the gnoll!
The gnoll hits you from afar with a +2 heavy halberd!
You slash the gnoll!
You kill the gnoll!
The gnoll hits you from afar with a +2 heavy halberd!
* * * LOW HITPOINT WARNING * * *
You cannot move.
It was a potion of ambrosia.
You are confused.
You feel invigorated.
It was a potion of resistance.
You feel protected.
The gnoll hits you from afar with a +2 heavy halberd!!
* * * LOW HITPOINT WARNING * * *
You feel better.
You feel less invigorated. The gnoll hits you but does no damage.
The gnoll hits you from afar with a +2 heavy halberd.
* * * LOW HITPOINT WARNING * * *
The gnoll hits you from afar with a +2 heavy halberd!
You die... ∙∙ ▒∙ ∙∙ ▒∙ ▒∙ ▒∙ ▒∙▒▒ ▒∙<▒ ▒▒♣▒ ▒)▒ ▒∙∙g∙▒ ∙∙∙∙∙∙∙∙∙

∙∙∙▒∙∙∙▒▒▒▒▒
∙(∙▒∙∙>∙∙▒
▒▒ ∙∙▒▒∙∙∙ ∙
▒ ▒▒∙▒ >∙ ∙▒


You could see a gnoll.

Vanquished Creatures
  2 phantoms
  A scorpion (D:5)
  2 orc priests
  2 hounds (D:4)
  Jessica (D:2)
  An iguana (D:4)
  Terence (D:2)
  2 orc wizards
  3 gnolls (D:5)
  3 adders
  5 worms
  7 dart slugs
  9 orcs
  3 bats
  9 endoplasms
  6 giant cockroaches
  5 goblins
  7 hobgoblins
  6 quokkas
  7 ball pythons
  6 frilled lizards
  7 kobolds
  2 rats
97 creatures vanquished.

Vanquished Creatures (others)
  A ghoul (D:1)
  A demonspawn (D:1)
  An octopode (D:1)
  2 gargoyles (D:1)
  A vampire (D:1)
  2 spriggans (D:1)
  A human (D:1)
  A dwarf (D:1)
  A tengu (D:1)
  An orc (D:1)
  4 tentacles (D:1)
16 creatures vanquished.

Grand Total: 113 creatures vanquished

Notes
Turn   | Place    | Note
-------+----------+-------------------------------------------
     0 | D:1      | Zeor the Formicid Fighter began the quest for the Orb.
     0 | D:1      | Reached XP level 1. HP: 18/18 MP: 1/1
     0 | D:1      | Noticed a tengu
     0 | D:1      | Noticed an octopode
     0 | D:1      | Noticed a spriggan
     0 | D:1      | Noticed a demonspawn
     0 | D:1      | Noticed a ghoul
     0 | D:1      | Noticed a kraken
     0 | D:1      | Noticed a spriggan
     0 | D:1      | Noticed a vampire
     0 | D:1      | Noticed a dwarf
     0 | D:1      | Noticed a gargoyle
     0 | D:1      | Noticed a human
     0 | D:1      | Noticed a gargoyle
     6 | D:1      | Killed a demonspawn
     8 | D:1      | Killed an octopode
    10 | D:1      | Killed a vampire
    14 | D:1      | Killed a gargoyle
    16 | D:1      | Killed a human
    17 | D:1      | Killed a tengu
    19 | D:1      | Killed a spriggan
    20 | D:1      | Killed a spriggan
    22 | D:1      | Killed a dwarf
    25 | D:1      | Killed a gargoyle
    26 | D:1      | Killed a ghoul
   163 | D:1      | Reached XP level 2. HP: 24/24 MP: 2/2
   515 | D:1      | Reached XP level 3. HP: 29/29 MP: 3/3
  1089 | D:2      | Noticed Terence
  1097 | D:2      | Killed Terence
  1098 | D:2      | Reached XP level 4. HP: 37/37 MP: 4/4
  1113 | D:2      | Noticed Jessica
  1136 | D:2      | Killed Jessica
  1356 | D:2      | Reached XP level 5. HP: 42/42 MP: 5/5
  1442 | D:2      | Found Luurosh's Weapon Emporium.
  1604 | D:2      | Identified a scroll of acquirement
  1622 | D:2      | Acquired a +1 crystal plate armour
  2132 | D:3      | Reached skill level 1 in Dodging
  2254 | D:3      | Reached XP level 6. HP: 48/48 MP: 6/6
  3208 | D:4      | Reached XP level 7. HP: 50/55 MP: 7/7
  3482 | D:4      | Found a staircase to the Ecumenical Temple.
  3492 | Temple   | Entered the Ecumenical Temple
  3561 | Temple   | Became a worshipper of Zin the Law-Giver
  3561 | Temple   | Reached * piety under Zin
  3584 | D:4      | Reached skill level 5 in Armour
  3830 | D:5      | Entered Level 5 of the Dungeon
  3855 | D:5      | Reached skill level 5 in Shields
  3855 | D:5      | Reached skill level 1 in Invocations
  3861 | D:5      | Reached skill level 5 in Long Blades
  3867 | D:5      | HP: 2/82 [gnoll/+2 heavy halberd (18)]
  3871 | D:5      | Slain by a gnoll

Illustrated notes

Levels and vault maps discovered:
D:1:      nicolae_arrival_kraken_aquarium_a, layout_basic,
          minmay_misc_feat_more_columns, minmay_domino_2
D:2:      layout_loops_ring, serial_shops, nicolae_shop_bloodbath_and_beyond,
          minmay_misc_feat_tower, uniq_jessica, uniq_terence
D:3:      layout_loops_cross
D:4:      layout_loops_corners, minmay_temple_entry_stoned_glass
D:5:      layout_rooms, gammafunk_temple_overflow_elements
Temple:   kb_corrupted_temple

Skill      XL: |  1  2  3  4  5  6  7 |
---------------+----------------------+-----
Long Blades    | 3 4 5 |  5.1
Armour         | 4 5 |  5.4
Fighting       | 4 |  4.6
Dodging        | 1 2 |  2.0
Shields        | 5 |  5.0
Invocations    | 1 |  1.4

Action                     |  1- 3 |  4- 6 |  7- 9 || total
---------------------------+-------+-------+-------++-------
  Melee: Long sword        |    73 |   194 |    57 ||   324
 Invoke: Recite            |       |       |     1 ||     1
Ability: Dig               |       |     1 |       ||     1
    Use: Scroll            |     3 |     9 |     2 ||    14
         Potion            |       |     2 |     8 ||    10
 Armour: Scale mail        |    26 |    15 |       ||    41
         Crystal plate arm |       |    81 |    31 ||   112
         Skin              |       |       |    13 ||    13
  Dodge: Dodged            |    25 |    36 |     6 ||    67
  Block: Buckler           |    16 |    57 |    18 ||    91
